 Dungeon Crawl Stone Soup version 0.22-a0-135-g6f012ad (webtiles) character file.

14112 Azzok the Covert (level 11, -2/54 HPs)
             Began as a Deep Elf Enchanter on Jan 31, 2018.
             Was an Elder of Vehumet.
             Shot with an arrow by a centaur (14 damage)
             ... led by a centaur warrior
             ... on level 15 of the Dungeon.
             The game lasted 00:46:14 (14402 turns).

Azzok the Covert (Deep Elf Enchanter)              Turns: 14402, Time: 00:46:14

Health: -2/54      AC:  5    Str:  5    XL:     11   Next: 84%
Magic:  30/37      EV: 13    Int: 24    God:    Vehumet [****..]
Gold:   269        SH:  0    Dex: 15    Spells: 22/33 levels left

rFire    . . .     SeeInvis .   C - +1 dagger (elec)
rCold    . . .     Gourm    +   (no shield)
rNeg     . . .     Faith    .   b - +0 robe
rPois    .         Spirit   .   (no helmet)
rElec    .         Reflect  .   (no cloak)
rCorr    .         Harm     .   g - +1 pair of gloves
MR       +....                  M - +0 pair of boots
Stlth    +++++.....             e - amulet of the gourmand
HPRegen  0.18/turn              H - ring of magical power
MPRegen  0.25/turn              S - +5 ring of slaying

@: no status effects
A: no striking features
a: Renounce Religion


You were on level 15 of the Dungeon.
You worshipped Vehumet.
Vehumet was greatly pleased with you.
You were full.

You visited 2 branches of the dungeon, and saw 15 of its levels.

You collected 794 gold pieces.
You spent 525 gold pieces at shops.

Inventory:

Hand Weapons
 m - a +0 dagger of venom
 C - a +1 dagger of electrocution (weapon)
 X - the +4 hand axe of Responsibility {freeze, Int+4 Dex+4}
   (You took it off an orc on level 11 of the Dungeon)

   It has been specially enchanted to freeze those struck by it, causing extra
   injury to most foes and up to half again as much damage against particularly
   susceptible opponents.
   It can also slow down cold-blooded creatures.
   It affects your intelligence (+4).
   It affects your dexterity (+4).
Armour
 b - a +0 robe (worn)
 g - a +1 pair of gloves (worn)
 M - a +0 pair of boots (worn)
Magical Staves
 a - an uncursed staff of wizardry
 I - an uncursed staff of energy
Jewellery
 e - an amulet of the gourmand (around neck)
 h - an uncursed ring of see invisible
 n - an uncursed amulet of magic regeneration
 s - a +2 ring of protection
 z - an uncursed ring of resist corrosion
 F - an uncursed ring of fire
 H - a ring of magical power (left hand)
 K - an uncursed ring of protection from fire
 Q - an uncursed ring of poison resistance
 S - a +5 ring of slaying (right hand)
Wands
 x - a wand of acid (2)
 N - a wand of iceblast (13)
 O - a wand of enslavement (11)
 W - a wand of disintegration (12)
Scrolls
 f - 6 scrolls of remove curse
 j - 5 scrolls of blinking
 k - 6 scrolls of teleportation
 l - 7 scrolls of amnesia
 o - 2 scrolls of identify
 p - 2 scrolls of random uselessness {unknown}
 t - 3 scrolls of magic mapping {unknown}
 u - a scroll of fear {unknown}
 y - 2 scrolls of enchant armour {unknown}
 A - a scroll of fog {unknown}
 E - a scroll of torment {unknown}
 L - 2 scrolls of enchant weapon {unknown}
Potions
 c - a potion of haste {unknown}
 i - 3 potions of ambrosia {unknown}
 r - 2 potions of agility {unknown}
 v - 2 potions of resistance {unknown}
 B - 2 potions of lignification {unknown}
 D - 3 potions of curing {unknown}
 G - a potion of brilliance {unknown}
 P - a potion of heal wounds {unknown}
 R - a potion of flight {unknown}
 T - 2 potions of cancellation {unknown}
 U - a potion of berserk rage {unknown}
Miscellaneous
 w - a phantom mirror
Comestibles
 d - 25 rations


   Skills:
 - Level 10.0 Short Blades
 - Level 2.4 Dodging
 + Level 12.1 Stealth
 + Level 11.6 Spellcasting
 + Level 1.6 Conjurations
 + Level 11.9 Hexes
 - Level 6.0 Translocations
 + Level 1.6 Earth Magic


You had 22 spell levels left.
You knew the following spells:

 Your Spells              Type           Power        Failure   Level  Hunger
a - Corona                Hex            ######.      1%          1    None
b - Ensorcelled Hibernat  Hex/Ice        #####.       1%          2    None
c - Confuse               Hex            ######..     1%          3    None
d - Blink                 Tloc           N/A          1%          2    None
e - Stone Arrow           Conj/Erth      ###...       1%          3    None


Dungeon Overview and Level Annotations

Branches:
Dungeon (15/15)            Temple (1/1) D:6            Lair (0/6) D:11
    Orc (0/2) D:9
 Vaults: D:13-14     Depths: D:15

Altars:
Ashenzari
Cheibriados
Dithmenos
Fedhas
Gozag
Hepliaklqana
Kikubaaqudgha
Makhleb
Okawaru
Qazlal
Ru
Sif Muna
Uskayaw
Vehumet
Wu Jian
Xom
Yredelemnul
Zin
The Shining One

Shops:
D:11 :


Message History

You feel your power returning.
The centaur warrior hits the centaur!
The centaur is killed!
Vehumet accepts your kill.
Casting: Confuse (safe; 1% risk of failure)
Confirm with . or Enter, or press ? or * to list all spells.
Okay, then.
The centaur warrior hits the centaur.
Items here: ( ))) †† A centaur comes into view.
The centaur shouts!
You hit the centaur warrior.
The centaur warrior is lightly wounded.
The centaur warrior hits you but does no damage.
You hit the centaur warrior.
Lightning courses through the centaur warrior!
The centaur warrior is moderately wounded.
You hit the centaur warrior.
The centaur warrior is moderately wounded.
The centaur wields a shortbow.
The centaur shoots an arrow.
The arrow hits you!
You die...

·▒▒▒▒▒▒▒▒▒▒▒▒▒▒▒▒▒▒
··c)·c·c)(········▒
·▒▒▒▒▒▒@▒▒▒▒▒▒▒▒▒·▒
▒·▒ ▒·▒ ▒·▒ ▒·▒ ▒·▒
▒▒▒▒▒▒▒·▒▒▒▒▒▒ c··
·············· ▒·▒
▒▒▒▒▒▒▒▒▒▒▒··· ▒··
▒▒▒▒ ▒·▒ ▒··· ▒·▒▒


You could see a centaur warrior (confused) and 3 centaurs.

Vanquished Creatures
  2 two-headed ogres
  Urug (D:11)
  A manticore (D:11)
  3 ugly things
  The ghost of galech the Grappler, a novice TrMo of Cheibriados (D:5)
  3 gargoyles
  2 trolls
  A hornet (D:10)
  A blink frog (shapeshifter) (D:15)
  3 hippogriffs
  5 yaks (D:11)
  2 basilisks (D:11)
  A hungry ghost (D:9)
  A water moccasin (D:6)
  A swamp drake (D:9)
  3 ice beasts
  5 sky beasts
  9 orc warriors
  An eye of draining (D:8)
  2 phantoms
  5 ogres
  5 centaurs
  A necrophage (D:11)
  2 big kobolds (D:7)
  3 crocodiles
  6 bullfrogs
  A water moccasin skeleton (D:10)
  4 scorpions
  10 wights
  6 howler monkeys
  8 crimson imps
  2 centaur zombies
  A bullfrog zombie (D:10)
  A quasit (D:11)
  5 hounds
  11 orc priests
  A gnoll shaman (D:4)
  2 centaur skeletons
  3 jellies
  15 orc wizards
  2 iguanas
  6 worker ants
  A killer bee zombie (D:7)
  2 hound skeletons
  A howler monkey skeleton (D:5)
  7 gnolls
  12 adders
  2 shadow imps
  An ooze (D:6)
  2 adder skeletons
  An adder zombie (D:6)
  3 worms
  11 leopard geckos
  65 orcs
  2 ball pythons
  5 giant cockroaches
  6 goblins
  8 hobgoblins
  7 jackals
  5 quokkas
  7 bats
  7 frilled lizards
  11 kobolds
  A leopard gecko skeleton (D:6)
  A leopard gecko zombie (D:5)
  6 rats
322 creatures vanquished.

Vanquished Creatures (others)
  A plant (D:11)
1 creature vanquished.

Grand Total: 323 creatures vanquished

Notes
Turn   | Place    | Note
-------+----------+-------------------------------------------
     0 | D:1      | Azzok the Deep Elf Enchanter began the quest for the Orb.
     0 | D:1      | Reached XP level 1. HP: 10/10 MP: 6/6
   355 | D:1      | Reached XP level 2. HP: 15/15 MP: 8/8
   421 | D:1      | Reached skill level 4 in Stealth
   624 | D:1      | Learned a level 2 spell: Ensorcelled Hibernation
  1358 | D:2      | Reached XP level 3. HP: 19/19 MP: 4/9
  1779 | D:2      | Reached XP level 4. HP: 23/24 MP: 10/10
  1825 | D:2      | Learned a level 3 spell: Confuse
  1998 | D:2      | Learned a level 2 spell: Blink
  2366 | D:3      | Reached skill level 5 in Stealth
  2436 | D:3      | Reached XP level 5. HP: 28/28 MP: 6/12
  2567 | D:3      | Reached skill level 1 in Translocations
  3521 | D:4      | Found a transporter.
  3572 | D:4      | Found a transporter.
  3584 | D:4      | Reached XP level 6. HP: 32/32 MP: 12/14
  3884 | D:4      | Reached skill level 5 in Hexes
  4373 | D:4      | Reached XP level 7. HP: 26/36 MP: 11/15
  4660 | D:5      | Entered Level 5 of the Dungeon
  4673 | D:4      | Reached skill level 6 in Stealth
  5033 | D:5      | Reached skill level 5 in Spellcasting
  5162 | D:5      | Noticed galech's ghost (novice TrMo)
  5810 | D:5      | Killed galech's ghost
  5810 | D:5      | Reached skill level 5 in Short Blades
  5810 | D:5      | Reached XP level 8. HP: 30/41 MP: 18/18
  6047 | D:5      | Reached skill level 7 in Stealth
  6877 | D:6      | Noticed a hippogriff
  6885 | D:6      | Killed a hippogriff
  6936 | D:6      | Reached skill level 5 in Translocations
  7156 | D:6      | Reached skill level 8 in Stealth
  7156 | D:6      | Reached XP level 9. HP: 45/45 MP: 21/21
  7304 | D:6      | Found a staircase to the Ecumenical Temple.
  7971 | Temple   | Entered the Ecumenical Temple
  7995 | Temple   | Became a worshipper of Vehumet
  8514 | D:7      | Reached skill level 9 in Stealth
  8521 | D:7      | Reached * piety under Vehumet
  8521 | D:7      | Offered knowledge of Shock by Vehumet.
  9294 | D:8      | Reached XP level 10. HP: 50/50 MP: 24/24
  9494 | D:8      | Reached ** piety under Vehumet
  9494 | D:8      | Offered knowledge of Flame Tongue by Vehumet.
 10414 | D:9      | Found a shadowy altar of Dithmenos.
 10459 | D:9      | Found a staircase to the Orcish Mines.
 10484 | D:9      | Reached skill level 10 in Stealth
 10936 | D:9      | Offered knowledge of Stone Arrow by Vehumet.
 11319 | D:10     | Entered Level 10 of the Dungeon
 11319 | D:10     | Found an opulent altar of Gozag.
 11393 | D:10     | Noticed a two-headed ogre
 11401 | D:10     | Reached skill level 10 in Hexes
 11405 | D:10     | Killed a two-headed ogre
 11408 | D:10     | Reached skill level 10 in Spellcasting
 11454 | D:10     | Noticed a gargoyle
 11461 | D:10     | Killed a gargoyle
 11461 | D:10     | Reached *** piety under Vehumet
 11713 | D:10     | Reached skill level 11 in Stealth
 11878 | D:10     | Reached XP level 11. HP: 54/54 MP: 27/27
 11893 | D:10     | Learned a level 3 spell: Stone Arrow
 12167 | D:11     | Noticed a cyan ugly thing
 12200 | D:11     | Killed a cyan ugly thing
 12200 | D:11     | Offered knowledge of Sticky Flame by Vehumet.
 12227 | D:11     | Found a staircase to the Lair.
 12239 | D:11     | Noticed a green ugly thing
 12366 | D:11     | Got a pitted hand axe {freeze}
 12569 | D:11     | Killed a green ugly thing
 12702 | D:11     | Found Celemod's Book Boutique.
 12722 | D:11     | Bought a book of Frost for 525 gold pieces
 13142 | D:11     | Identified the +4 hand axe of Responsibility {freeze, Int+4 Dex+4} (You took it off an orc on level 11 of the Dungeon)
 13200 | D:11     | Reached **** piety under Vehumet
 13220 | D:11     | Offered knowledge of Iskenderun's Mystic Blast by Vehumet.
 13531 | D:11     | Noticed Urug
 13538 | D:11     | Killed Urug
 13696 | D:12     | Noticed a green ugly thing
 13708 | D:12     | Killed a green ugly thing
 14001 | D:12     | You fall through a shaft for 3 floors!
 14001 | D:15     | Entered Level 15 of the Dungeon
 14023 | D:15     | Reached skill level 10 in Short Blades
 14154 | D:15     | Reached skill level 12 in Stealth
 14177 | D:15     | Reached skill level 1 in Conjurations
 14177 | D:15     | Reached skill level 1 in Earth Magic
 14381 | D:15     | Noticed a two-headed ogre
 14389 | D:15     | Killed a two-headed ogre
 14391 | D:15     | Noticed a centaur warrior
 14402 | D:15     | Shot with an arrow by a centaur

Vault maps used:
D:1:      dpeg_arrival_stonehenge_8_columns
D:2:      serial_forest, infiniplex_forest_clump_curved,
          infiniplex_forest_lined_room_2, infiniplex_forest_lined_ring,
          infiniplex_forest_clump_curved, infiniplex_forest_straight_2,
          infiniplex_forest_clump_small, infiniplex_forest_end_1,
          infiniplex_forest_clump_small, infiniplex_forest_side_room
D:3:      minmay_misc_feat_roman
D:4:      gammafunk_wand_slinger, first_ration
D:6:      minmay_temple_entry_trees
D:9:      kennysheep_little_box, erik_orc_1, grunt_ogre_cave,
          nicolae_straight_to_the_point
D:10:     nicolae_gozag_seed_capital
D:11:     david_lair_generic, serial_shops, nicolae_shop_stone,
          minmay_lizard_king, uniq_urug
D:14:     grunt_vaults_entry_fortified, kennysheep_nondescript, uniq_josephine
D:15:     grunt_enter_depths_snipers, minmay_misc_feat_more_columns,
          serial_shops, shop, spider_trap,
          nicolae_dithmenos_through_a_glass_darkly, uniq_agnes
Temple:   dpeg_three_leaves_temple

Skill      XL: |  1  2  3  4  5  6  7  8  9 10 11 |
---------------+----------------------------------+-----
Stealth        | 4 5 6 8 9 11 12 | 12.1
Short Blades   | 2 3 4 5 6 7 8 10 | 10.0
Translocations | 2 4 5 6 |  6.0
Spellcasting   | 4 5 7 8 10 11 | 11.6
Hexes          | 5 6 7 9 10 11 | 11.9
Conjurations   | 1 |  1.6
Earth Magic    | 1 |  1.6
Dodging        | |  2.4

Action                   |  1- 3 |  4- 6 |  7- 9 | 10-12 || total
-------------------------+-------+-------+-------+-------++-------
Melee: Dagger            |    98 |   105 |   253 |   210 ||   666
 Cast: Corona            |    12 |     1 |       |     1 ||    14
       Ensorcelled Hiber |    18 |    62 |    84 |    77 ||   241
       Confuse           |       |     2 |    38 |    44 ||    84
  Use: Scroll            |       |       |     1 |     9 ||    10
 Stab: Sleeping          |    16 |    51 |    62 |    70 ||   199
       Confused          |       |     1 |    22 |    25 ||    48
       Distracted        |       |       |     1 |       ||     1
  Eat: Chunk             |    13 |    10 |    16 |    17 ||    56
Armor: Robe              |    30 |    28 |    45 |    31 ||   134
Dodge: Dodged            |    67 |    55 |   120 |    78 ||   320

Table legend:
 A = Spawn XP
 B = Non-spawn XP
 C = Spawn XP percentage of total XP
 D = Spawn monster count
 E = Non-spawn monster count
 F = Spawn count percentage of total count
 G = Total turns spent on level
                    A         B        C        D         E        F      G
               +---------+---------+-------+---------+---------+-------+---------
         Total |       0 |   20161 |   0.0 |       0 |     322 |   0.0 | 14402
               +---------+---------+-------+---------+---------+-------+---------
           D:1 |       0 |      21 |   0.0 |       0 |      12 |   0.0 |   931
           D:2 |       0 |     119 |   0.0 |       0 |      30 |   0.0 |  1274
           D:3 |       0 |     150 |   0.0 |       0 |      27 |   0.0 |  1016
           D:4 |       0 |     502 |   0.0 |       0 |      32 |   0.0 |  1570
           D:5 |       0 |     902 |   0.0 |       0 |      14 |   0.0 |  1791
           D:6 |       0 |    1811 |   0.0 |       0 |      47 |   0.0 |  1412
           D:7 |       0 |    1448 |   0.0 |       0 |      33 |   0.0 |   896
           D:8 |       0 |    1077 |   0.0 |       0 |      25 |   0.0 |  1259
           D:9 |       0 |    1604 |   0.0 |       0 |      28 |   0.0 |  1132
          D:10 |       0 |    3598 |   0.0 |       0 |      25 |   0.0 |   821
          D:11 |       0 |    5662 |   0.0 |       0 |      39 |   0.0 |  1555
          D:12 |       0 |     601 |   0.0 |       0 |       2 |   0.0 |   306
          D:15 |       0 |    2666 |   0.0 |       0 |       8 |   0.0 |   396
               +---------+---------+-------+---------+---------+-------+---------
